 Dungeon Crawl Stone Soup version 0.25.1-2-g60ff931df9 (webtiles) character file.

Game seed: 1507344804470914554

1364 tempo the Thaumaturge (level 8, -4/46 HPs)
             Began as a Deep Elf Wizard on Sept 26, 2020.
             Was a Follower of Vehumet.
             Slain by a killer bee (8 damage)
             ... on level 6 of the Dungeon.
             The game lasted 00:16:51 (6132 turns).

tempo the Thaumaturge (Deep Elf Wizard)             Turns: 6132, Time: 00:16:52

Health: -4/46      AC:  3    Str:  4    XL:     8   Next: 38%
Magic:  15/23      EV: 11    Int: 26    God:    Vehumet [*.....]
Gold:   111        SH:  0    Dex: 13    Spells: 14/25 levels left

rFire    . . .     SeeInvis .   j - +0 whip (elec)
rCold    . . .     Gourm    .   (no shield)
rNeg     . . .     Faith    .   n - +0 leather armour
rPois    .         Spirit   .   b - +0 hat
rElec    .         Reflect  .   (no cloak)
rCorr    .         Harm     .   (no gloves)
MR       .....                  (no boots)
Stlth    ++........             c - amulet of magic regeneration
HPRegen  0.15/turn              q - ring of wizardry
MPRegen  0.43/turn              (no ring)

@: no status effects
A: no striking features
a: Renounce Religion


You were on level 6 of the Dungeon.
You worshipped Vehumet.
Vehumet was aware of your devotion.
You were hungry.

You visited 1 branch of the dungeon, and saw 6 of its levels.

You collected 111 gold pieces.

Inventory:

Hand Weapons
 j - a +0 whip of electrocution (weapon)
Missiles
 o - 29 bolts
Armour
 b - a +0 hat (worn)
 n - a +0 leather armour (worn)
 t - a +2 hat
Jewellery
 c - an amulet of magic regeneration (around neck)
 g - an uncursed amulet of regeneration
 q - a ring of wizardry (left hand)
Wands
 s - a wand of flame (12)
Scrolls
 a - a scroll of teleportation
 e - 4 scrolls of remove curse {unknown}
 k - a scroll of identify {unknown}
 p - a scroll of enchant armour {unknown}
 u - a scroll of magic mapping {unknown}
 v - a scroll of fear {unknown}
Potions
 h - 3 potions of haste {unknown}
 i - 2 potions of flight {unknown}
 l - a potion of resistance {unknown}
 m - a potion of stabbing {unknown}
 r - 2 potions of degeneration {unknown}
Comestibles
 d - 12 rations


   Skills:
 - Level 3.0 Fighting
 + Level 1.0 Armour
 - Level 2.4 Dodging
 - Level 2.4 Stealth
 * Level 9.1 Spellcasting
 * Level 6.3 Conjurations
 - Level 1.1 Summonings
 - Level 1.1 Translocations
 + Level 3.6 Fire Magic
 - Level 1.0 Air Magic
 - Level 1.0 Poison Magic
 + Level 0.1 Evocations


You had 14 spell levels left.
You knew the following spells:

 Your Spells              Type           Power        Failure   Level  Hunger
a - Magic Dart            Conj           ####         1%          1    None
b - Mephitic Cloud        Conj/Pois/Air  ####....     3%          3    None
c - Call Imp              Summ           ###.....     3%          2    None
d - Blink                 Tloc           N/A          3%          2    None
e - Conjure Flame         Conj/Fire      #####...     1%          3    None

Your spell library contained the following spells:

 Spells                   Type           Power        Failure   Level  Hunger
 Freeze                   Ice            ##..         3%          1    None
 Slow                     Hex            ##......     5%          2    None


Dungeon Overview and Level Annotations

Branches:
Dungeon (6/15)
 Temple: D:4-7

Altars:
Ashenzari
Dithmenos
Gozag
Okawaru
Ru
Trog
Uskayaw
Vehumet
Zin


Message History

Unknown command.
Casting: Mephitic Cloud (dangerous; 3% risk of failure)
Confirm with . or Enter, or press ? or * to list all spells.
Aiming: Mephitic Cloud (dangerous; 3% risk of failure)
Press: ? - help, Shift-Dir - straight line The ball explodes into a vile cloud!
The stinking cloud engulfs the killer bee but does no damage.
The killer bee is lightly wounded.
You hear a shout!
The killer bee is engulfed in noxious fumes.
The killer bee appears confused.
The killer bee closely misses you.
The centaur wields a +0 shortbow.
The centaur shoots an arrow.
The arrow hits you!
* * * LOW HITPOINT WARNING * * *
The killer bee is engulfed in noxious fumes.
The killer bee appears confused.
The killer bee stings you but does no damage.
The killer bee is engulfed in noxious fumes.
The killer bee appears confused.
The killer bee stings you!
You die...

#. ##$ #.......>.... ...
.$.........# ..
..........#.
##.######........... .
#...##8.8c8.8.......
....#..................)
.......@..8._..........#
......§yy§.......$.....#
...#.§☼☼Z.8.8...y......#
. ...§§§§☼..y...........
.......................#
.8.#.........†.........#
...##...>#.###..........
## ###.#### #........#.
#. ###........#


You could see a centaur, 3 killer bees and an adder skeleton.

Vanquished Creatures
  An ice beast (D:6)
  3 phantoms
  2 ogres (D:5)
  A scorpion (D:3)
  A killer bee (D:6)
  A howler monkey (D:4)
  2 crimson imps (D:5)
  2 hounds (D:5)
  2 orc priests (D:4)
  4 orc wizards
  4 worker ants (D:4)
  A hound skeleton (D:4)
  3 gnolls (D:3)
  11 adders
  4 oozes
  2 adder skeletons (D:4)
  2 worms
  A dart slug (D:3)
  2 leopard geckos
  22 orcs
  2 ball pythons (D:1)
  13 bats
  7 giant cockroaches
  7 goblins
  6 hobgoblins
  4 jackals (D:4)
  11 kobolds
  A quokka (D:3)
  6 frilled lizards
  4 rats (D:1)
132 creatures vanquished.

Vanquished Creatures (collateral kills)
  A centaur (D:5)
1 creature vanquished.

Grand Total: 133 creatures vanquished

Notes
Turn   | Place    | Note
-------+----------+-------------------------------------------
     0 | D:1      | tempo the Deep Elf Wizard began the quest for the Orb.
     0 | D:1      | Reached XP level 1. HP: 10/10 MP: 7/7
   252 | D:1      | Reached XP level 2. HP: 15/15 MP: 6/9
   458 | D:1      | Reached skill level 5 in Spellcasting
   546 | D:1      | Reached XP level 3. HP: 20/20 MP: 5/11
   562 | D:1      | Learned a level 3 spell: Mephitic Cloud
   565 | D:1      | Learned a level 2 spell: Call Imp
   568 | D:1      | Learned a level 2 spell: Blink
   572 | D:1      | Learned a level 3 spell: Conjure Flame
   948 | D:2      | Reached skill level 1 in Armour
  1024 | D:2      | Reached skill level 1 in Fighting
  1385 | D:2      | Found an opulent altar of Gozag.
  1433 | D:2      | Found a bloodstained altar of Trog.
  1503 | D:3      | Reached XP level 4. HP: 25/25 MP: 9/13
  1515 | D:3      | Found a shattered altar of Ashenzari.
  1881 | D:3      | Found a glowing silver altar of Zin.
  1922 | D:3      | Found a sacrificial altar of Ru.
  2152 | D:3      | Reached skill level 1 in Fire Magic
  2190 | D:3      | Reached XP level 5. HP: 10/29 MP: 10/15
  2554 | D:3      | Reached skill level 6 in Spellcasting
  2960 | D:4      | Reached skill level 1 in Poison Magic
  2974 | D:4      | Reached skill level 1 in Air Magic
  3015 | D:4      | Reached XP level 6. HP: 34/34 MP: 12/17
  3224 | D:4      | Reached skill level 7 in Spellcasting
  3240 | D:4      | Found a radiant altar of Vehumet.
  3253 | D:4      | Became a worshipper of Vehumet
  3309 | D:4      | Reached XP level 7. HP: 31/40 MP: 12/19
  4541 | D:4      | Found an iron altar of Okawaru.
  4695 | D:5      | Entered Level 5 of the Dungeon
  4731 | D:5      | Reached skill level 5 in Conjurations
  4880 | D:5      | Reached skill level 8 in Spellcasting
  5260 | D:5      | Reached XP level 8. HP: 41/45 MP: 12/22
  5767 | D:5      | Reached * piety under Vehumet
  5767 | D:5      | Offered knowledge of Freeze by Vehumet.
  5805 | D:5      | Found a hide-covered altar of Uskayaw.
  6066 | D:6      | Reached skill level 9 in Spellcasting
  6097 | D:6      | Found a shadowy altar of Dithmenos.
  6132 | D:6      | Slain by a killer bee

Illustrated notes

Levels and vault maps discovered:
D:1:      elethiomel_arrival_quiet, layout_basic, minmay_pentomino_r4
D:2:      layout_basic, marbit_many_paths, overflow_temple_1_default
D:3:      layout_basic, nicolae_ashenzari_panopticon, zin_statuary,
          lemuel_crystal_altar
D:4:      layout_loops_cross, vehumet_altar_wand_db, lemuel_round_altar,
          first_ration, minmay_fountain_box, minmay_fractal_squares_gapless_5
D:5:      layout_loops_ring, kennysheep_mini_moat, serial_glass,
          glass_columns_c, glass_columns_a, feat_on_display, item_on_display_a,
          hangedman_decor_opposing, glass_columns_a
D:6:      layout_cave_pools, lemuel_crystal_altar, grunt_dithmenos_shadows,
          minmay_temple_entry_hall, serial_column_ruins,
          column_ruins_temple_hall, column_ruins_columns_corner,
          column_ruins_open_large, column_ruins_grid_2, uniq_crazy_yiuf_cottage

Skill      XL: |  1  2  3  4  5  6  7  8 |
---------------+-------------------------+-----
Spellcasting   | 5 6 7 8 9 |  9.1
Armour         | 1 |  1.0
Conjurations   | 2 3 4 5 6 |  6.3
Fighting       | 1 2 3 |  3.0
Fire Magic     | 1 2 3 |  3.6
Poison Magic   | 1 |  1.0
Air Magic      | 1 |  1.0
Dodging        | |  2.4
Stealth        | |  2.4
Summonings     | |  1.1
Translocations | |  1.1
Evocations     | |  0.1

Action                   |  1- 3 |  4- 6 |  7- 9 || total
-------------------------+-------+-------+-------++-------
Melee: Unarmed           |     4 |       |       ||     4
       Whip              |     1 |    44 |    31 ||    76
 Cast: Magic Dart        |    98 |   111 |   158 ||   367
       Mephitic Cloud    |     1 |     9 |     9 ||    19
       Conjure Flame     |       |     1 |     3 ||     4
       Blink             |       |     3 |     3 ||     6
       Call Imp          |       |       |     1 ||     1
  Use: Scroll            |       |       |     1 ||     1
       Potion            |       |       |     1 ||     1
 Stab: Confused          |     1 |     7 |     5 ||    13
  Eat: Chunk             |     2 |     5 |     8 ||    15
Armor: Robe              |     1 |     1 |       ||     2
       Leather armour    |       |    13 |     8 ||    21
Dodge: Dodged            |    18 |    21 |    39 ||    78
